 Dungeon Crawl Stone Soup version 0.30-a0-377-g5cb311bc9f (webtiles) character file.

Game seed: 12743577935646292440

469 qeuew the Trooper (level 7, -10/61 HPs)
             Began as a Hill Orc Fighter on Nov 28, 2022.
             Was a Follower of Cheibriados.
             Mangled by Duvessa
             ... wielding a +2 vampiric short sword
              (15 damage)
             ... on level 4 of the Dungeon.
             The game lasted 00:03:48 (3022 turns).

qeuew the Trooper (Hill Orc Fighter)                Turns: 3022, Time: 00:03:48

Health: -10/61     AC: 11    Str: 22    XL:     7   Next: 9%
Magic:  4/8        EV: 10    Int: 11    God:    Cheibriados [*.....]
Gold:   140        SH:  5    Dex: 15    Spells: 6/6 levels left

rFire   . . .      SeeInvis .    a - +1 war axe
rCold   . . .      Faith    .    c - +0 buckler
rNeg    . . .      Spirit   .    b - +0 scale mail
rPois   +          Reflect  .    (no helmet)
rElec   .          Harm     .    (no cloak)
rCorr   .          Rampage  .    (no gloves)
Will    .....                    h - +3 pair of boots of Zusaq {rPois}
Stlth   ..........               (no amulet)
HPRegen 0.30/turn                (no ring)
MPRegen 0.11/turn                (no ring)

@: very slow
A: no striking features
a: Renounce Religion, Bend Time


You were on level 4 of the Dungeon.
You worshipped Cheibriados.
Cheibriados was aware of your devotion.
You visited 1 branch of the dungeon, and saw 4 of its levels.

You collected 140 gold pieces.

Inventory:

Hand Weapons
 a - a +1 war axe (weapon)
Armour
 b - a +0 scale mail (worn)
 c - a +0 buckler (worn)
 h - the +3 pair of boots of Zusaq (worn) {rPois}
   (You acquired it on level 1 of the Dungeon)

   rPois:     It protects you from poison.
Scrolls
 j - a scroll of teleportation
 l - a scroll of enchant weapon
 m - a scroll of identify
Potions
 e - a potion of attraction {unknown}
 g - 2 potions of flight
 i - a potion of brilliance


   Skills:
 + Level 5.1 Fighting
 + Level 4.7 Axes
 + Level 4.7 Armour
 + Level 2.1 Dodging
 + Level 4.6 Shields
 * Level 2.5 Invocations


You had 6 spell levels left.
You didn't know any spells.
Your spell library was empty.

Dungeon Overview and Level Annotations

Branches:
Dungeon (4/15)
 Temple: D:4-7

Altars:
Cheibriados
Sif Muna

Annotations:
D:4 Duvessa


Message History

Your jackal barely misses Duvessa.
Duvessa hits your jackal with a +2 vampiric short sword.
Your jackal closely misses Duvessa.
Your jackal barely misses Duvessa.
Your jackal bites Duvessa but does no damage.
Duvessa hits your jackal with a +2 vampiric short sword.
Your jackal dies!
Your jackal's corpse dissolves into shadows!
Your jackal barely misses Duvessa.
Your jackal bites Duvessa but does no damage.
Unknown command.
Your jackal bites Duvessa but does no damage.
Your jackal barely misses Duvessa.
Duvessa hits your jackal with a +2 vampiric short sword!
Your jackal dies!
Your jackal's corpse dissolves into shadows!
Your dart slug bites Duvessa.
Your jackal bites Duvessa but does no damage.
Duvessa hits your jackal with a +2 vampiric short sword!!
Your jackal dies!
Your jackal's corpse dissolves into shadows!
Your dart slug launches a dart at Duvessa.
The slug dart hits Duvessa but does no damage.
Duvessa hits your dart slug with a +2 vampiric short sword!!
Your dart slug dies!
Your dart slug's corpse dissolves into shadows!
Duvessa shouts!
Unknown command.
Okay, then.
Duvessa is no longer moving slowly.
The flow of time bends around you.
Cheibriados rebukes Duvessa.
Duvessa seems to slow down.
Duvessa hits you with a +2 vampiric short sword!
* * * LOW HITPOINT WARNING * * *
Duvessa draws strength from your wounds!
Unknown command.
You barely miss Duvessa.
Duvessa is moderately wounded.
Duvessa hits you with a +2 vampiric short sword!
You die...

.............
#...........#
#..........# #..........#
####.........# .
#............####...
#...................
#......@e../..## .......
#................#......
#................#......
#.......................
##...##+#................
#........................
#........................
#.........PP.............
#.......PP.P.........#...


You could see Duvessa (berserk, slow).

Vanquished Creatures
  Sigmund (D:2)
  A phantom (D:4)
  A scorpion (D:4)
  Dowan (D:4)
  A hound (D:4)
  A gnoll (D:3)
  An adder (D:3)
  4 worms
  2 dart slugs
  An orc (D:3)
  3 endoplasms
  4 giant cockroaches
  8 goblins
  5 hobgoblins
  2 jackals (D:2)
  6 quokkas
  3 ball pythons
  6 bats
  4 frilled lizards (D:1)
  8 kobolds
  7 rats
70 creatures vanquished.

Notes
Turn   | Place    | Note
-------+----------+-------------------------------------------
     0 | D:1      | qeuew the Hill Orc Fighter began the quest for the Orb.
     0 | D:1      | Reached XP level 1. HP: 19/19 MP: 1/1
   303 | D:1      | Reached XP level 2. HP: 21/27 MP: 2/2
   915 | D:1      | Identified a scroll of acquirement
   915 | D:1      | Acquired the +3 pair of boots of Zusaq {rPois}
  1063 | D:2      | Reached XP level 3. HP: 33/33 MP: 3/3
  1117 | D:2      | Reached skill level 4 in Fighting
  1121 | D:2      | Noticed Sigmund
  1130 | D:2      | Killed Sigmund
  1131 | D:2      | Reached skill level 1 in Dodging
  1131 | D:2      | Reached XP level 4. HP: 32/41 MP: 4/4
  1131 | D:2      | Reached XP level 5. HP: 37/47 MP: 5/5
  1896 | D:3      | Reached XP level 6. HP: 53/53 MP: 6/6
  2168 | D:3      | Found a faded altar of an unknown god.
  2169 | D:3      | Noticed a shining eye
  2172 | D:3      | Noticed a shining eye
  2172 | D:3      | Noticed an eye of devastation
  2172 | D:3      | Noticed a floating eye
  2181 | D:3      | Prayed at the altar of an unknown god.
  2181 | D:3      | Became a worshipper of Cheibriados the Contemplative
  2181 | D:3      | Reached * piety under Cheibriados
  2437 | D:3      | Found a shimmering blue altar of Sif Muna.
  2719 | D:4      | Noticed Duvessa
  2720 | D:4      | Noticed Dowan
  2739 | D:4      | Reached skill level 1 in Invocations
  2739 | D:4      | Killed Dowan
  2740 | D:4      | Reached skill level 5 in Fighting
  2828 | D:4      | Reached XP level 7. HP: 53/61 MP: 8/8
  3022 | D:4      | Mangled by Duvessa

Illustrated notes

Levels and vault maps discovered:
D:1:      dpeg_arrival_central, layout_loops_corners,
          amcnicky_mini_rare_corridor_liquid
D:2:      layout_loops_ring, minivault_19, uniq_sigmund
D:3:      minmay_inner_zag, layout_basic, lemuel_blue_sif_altar,
          hellmonk_ecumenical_altar_watching_god
D:4:      layout_basic, mainiacjoe_overflow_chevrons,
          dreamdust_mushroom_princess, minmay_liquid_box, uniq_duvessa

Skill      XL: |  1  2  3  4  5  6 |
---------------+-------------------+-----
Axes           | 3 4 |  4.7
Fighting       | 4 5 |  5.1
Armour         | 4 |  4.7
Dodging        | 1 2 |  2.1
Shields        | 4 |  4.6
Invocations    | 2 |  2.5

Action                   |  1- 3 |  4- 6 |  7- 9 || total
-------------------------+-------+-------+-------++-------
Melee: War axe           |    58 |   101 |    15 ||   174
Invok: Bend Time         |       |       |     2 ||     2
  Use: Potion            |     5 |     4 |     3 ||    12
       Scroll            |     3 |     3 |     1 ||     7
Armor: Scale mail        |    28 |    46 |     6 ||    80
Dodge: Dodged            |    22 |    44 |    11 ||    77
Block: Buckler           |    13 |    19 |     6 ||    38

Table legend: (Time is in decaauts)
 A = Elapsed time spent in this place.
 B = Non-inter-level travel time spent in this place.
 C = Inter-level travel time spent in this place.
 D = Time resting spent in this place.
 E = Time spent auto-exploring this place.
 F = Levels seen in this place.
 G = Mean time per level.
                   A        B        C        D        E       F      G
               +--------+--------+--------+--------+--------+-----+--------+
         Total |   3296 |   3230 |     66 |     33 |   2656 |   4 |  824.0 |
       Dungeon |   3296 |   3230 |     66 |     33 |   2656 |   4 |  824.0 |
               +--------+--------+--------+--------+--------+-----+--------+

Top non-repeatable levels by time:
     D:3: 1103 daAuts
     D:1: 962 daAuts
     D:2: 708 daAuts
     D:4: 522 daAuts
